 Dungeon Crawl Stone Soup version 0.31.0-11-ge490571c62 (webtiles) character file.

Game seed: 2836846329702361119

6691 tilp the Cleaver (level 10, 0/139 HPs)
             Began as a Minotaur Berserker on Feb 6, 2024.
             Was an Elder of Trog.
             Killed from afar by an orc wizard (8 damage)
             ... with a magic dart
             ... on level 9 of the Dungeon.
             The game lasted 00:10:54 (7857 turns).

tilp the Cleaver (Minotaur Berserker)               Turns: 7857, Time: 00:10:54

Health: 0/139      AC: 25    Str: 32    XL:     10   Next: 74%
Magic:  9/9        EV:  2    Int:  4    God:    Trog [****..]
Gold:   208        SH:  3    Dex: 10    Spells: 9/9 levels left

rFire   . . .        b - +0 war axe
rCold   . . .        r - +0 buckler
rNeg    . . .        v - melded +5 plate armour "Vyfotz" {Str+3}
rPois   +            h - melded +1 hat
rElec   .            j - melded +0 cloak
rCorr   .            (gloves currently unavailable)
SInv    .            C - melded +0 pair of boots
Will    ++...        g - amulet of the acrobat
Stlth   ++           c - +6 ring of strength
HPRegen 1.43/turn    (no ring)
MPRegen 0.11/turn

%: acrobat
@: tree-form, strong-willed, on berserk cooldown, regenerating, slowed, very
slow
A: stationary, stasis, torment immunity, boosted hp, (horns 2), (retaliatory
headbutt)
a: Renounce Religion, Berserk, Trog's Hand, Brothers in Arms


You were on level 9 of the Dungeon.
You worshipped Trog.
Trog was greatly pleased with you.
You were a tree.
You visited 1 branch of the dungeon, and saw 9 of its levels.

You collected 454 gold pieces.
You spent 246 gold pieces at shops.

Inventory:

Hand Weapons
 a - a +1 hand axe
 b - a +0 war axe (weapon)
Missiles
 e - 6 boomerangs (quivered)
 l - 3 javelins
 D - 8 poisoned darts
 E - 2 curare-tipped darts
Armour
 h - a +1 hat (melded)
 j - a +0 cloak (melded)
 p - a scarf of shadows
 q - a +3 ring mail of fire resistance
 r - a +0 buckler (worn)
 v - the +5 plate armour "Vyfotz" (melded) {Str+3}
   (You found it on level 5 of the Dungeon)

   Str+3:     It affects your strength (+3).
 y - the +1 ring mail "Icat" {+Blink}
   (You found it on level 8 of the Dungeon)

   +Blink:    It lets you blink.
 C - a +0 pair of boots (melded)
Jewellery
 c - a +6 ring of strength (left branch)
 f - an amulet of guardian spirit
 g - an amulet of the acrobat (around neck)
 o - a ring of ice
Wands
 t - a wand of mindburst (33)
Scrolls
 n - 2 scrolls of teleportation
 s - a scroll of immolation
 u - 2 scrolls of enchant weapon
 z - a scroll of brand weapon
 B - 2 scrolls of fear
Potions
 d - a potion of haste
 i - 3 potions of curing
 k - a potion of ambrosia
 m - 3 potions of attraction
 w - 2 potions of enlightenment
 x - 3 potions of berserk rage


   Skills:
 - Level 10.0 Fighting
 * Level 12.5 Axes
 - Level 4.0 Throwing
 - Level 8.0 Armour
 - Level 6.0 Dodging
 - Level 2.0 Stealth
 - Level 4.0 Evocations


You had 9 spell levels left.
You didn't know any spells.
Your spell library was empty.

Dungeon Overview and Level Annotations

Branches:
Dungeon (9/15)             Temple (0/1) D:5
   Lair: D:8-11         Orc: D:9-12

Altars:
Cheibriados
Fedhas
Hepliaklqana
Makhleb
Nemelex Xobeh
Ru
Sif Muna
Uskayaw
Xom
Yredelemnul

Shops:
D:6 *   D:8 :


Innate Abilities, Weirdness & Mutations

You are a tree.
Your roots penetrate the ground, keeping you stationary.
You cannot be teleported.
You are immune to unholy pain and torment.
Your maximum health is greatly increased.
Your equipment is partially melded.
((You have a pair of horns on your head.))
((You reflexively headbutt those who attack you in melee.))


Message History

You feel much better. The vampire mosquito barely misses you.
The vampire mosquito bites you but does no damage.
You hear some strange, mumbled words.
A magic dart appears from out of thin air!
The magic dart hits you.
* * * LOW HITPOINT WARNING * * *
The wight hits you but does no damage.
The vampire mosquito bites you but does no damage.
Unknown command.
Unknown command.
Unknown command.
You hit the wight but do no damage.
The wight is heavily damaged.
You hit the orc priest but do no damage.
You slash the vampire mosquito! You barely miss something.
The vampire mosquito bites you but does no damage.
The wight hits you with a +0 mace.
* * * LOW HITPOINT WARNING * * *
The orc priest hits you but does no damage.
Something hits you but does no damage.
You block the vampire mosquito's attack.
Unknown command.
Unknown command.
Unknown command.
You closely miss the wight.
The wight is heavily damaged.
You barely miss the orc priest. You barely miss the vampire mosquito.
You closely miss something.
The vampire mosquito bites you but does no damage.
The vampire mosquito bites you!
* * * LOW HITPOINT WARNING * * *
The vampire mosquito draws strength from your injuries!
The wight hits you but does no damage.
The orc priest calls down the wrath of Beogh upon you.
Beogh smites you!
* * * LOW HITPOINT WARNING * * *
You hear some strange, mumbled words.
A magic dart appears from out of thin air!
The magic dart hits you!
You die...

#########.zz.......
...$.......>†......
.........z.†)......
............)......
.........o.))......
.........To........
..####'##.........
#...zy#..x......
#...o♣#.........
##...){#.........
#....)<#.........
########..o.....
.......


You could see a vampire mosquito, a wight and an orc priest.

Vanquished Creatures
  A centaur warrior (D:9)
  2 two-headed ogres (D:8)
  Grinder (D:6)
  2 trolls
  Sigmund (D:2)
  Eustachio (D:5)
  A black bear (D:4)
  4 orc warriors
  A sky beast (D:8)
  2 ice beasts
  A centaur (D:9)
  2 ogres (D:6)
  2 wolves (D:9)
  2 kobold brigands (D:8)
  2 phantoms
  Blork the orc (D:4)
  A bullfrog (D:8)
  2 gnoll sergeants
  4 scorpions
  7 wights
  5 killer bees
  4 howler monkeys
  2 jellies
  3 hounds
  Crazy Yiuf (D:2)
  2 bombardier beetles (D:7)
  A gnoll bouda (D:4)
  4 orc priests
  Jessica (D:2)
  2 sleepcaps
  3 orc wizards
  Terence (D:2)
  13 gnolls
  10 adders
  2 shadow imps
  A white imp (D:7)
  2 ribbon worms (D:2)
  4 dart slugs
  6 orcs
  6 ball pythons
  7 bats
  11 endoplasms
  A giant cockroach (D:3)
  10 goblins
  7 hobgoblins
  4 jackals (D:3)
  7 quokkas
  9 frilled lizards
  19 kobolds
  7 rats
195 creatures vanquished.

Vanquished Creatures (others)
  Erica (D:9)
1 creature vanquished.

Grand Total: 196 creatures vanquished

Notes
Turn   | Place    | Note
-------+----------+-------------------------------------------
     0 | D:1      | tilp the Minotaur Berserker began the quest for the Orb.
     0 | D:1      | Reached XP level 1. HP: 19/19 MP: 0/0
   202 | D:1      | Found a faded altar of an unknown god.
   276 | D:1      | Reached XP level 2. HP: 27/27 MP: 1/1
   391 | D:1      | Reached skill level 4 in Axes
   702 | D:1      | Reached XP level 3. HP: 33/33 MP: 2/2
  1245 | D:2      | Reached ** piety under Trog
  1254 | D:2      | Noticed Jessica
  1262 | D:2      | Killed Jessica
  1263 | D:2      | Reached skill level 1 in Stealth
  1263 | D:2      | Reached XP level 4. HP: 41/41 MP: 3/3
  1296 | D:2      | Found a shimmering altar of Xom.
  1454 | D:2      | Noticed Sigmund
  1463 | D:2      | Killed Sigmund
  1464 | D:2      | Reached skill level 5 in Fighting
  1464 | D:2      | Reached skill level 5 in Axes
  1464 | D:2      | Reached XP level 5. HP: 48/48 MP: 4/4
  1464 | D:2      | Reached XP level 6. HP: 56/56 MP: 5/5
  1844 | D:2      | Noticed Terence
  1847 | D:2      | Killed Terence
  2046 | D:2      | Found a runed translucent door.
  2047 | D:2      | Noticed Crazy Yiuf
  2053 | D:2      | Killed Crazy Yiuf
  2319 | D:3      | Found a shimmering blue altar of Sif Muna.
  3147 | D:4      | Found a blossoming altar of Fedhas.
  3214 | D:4      | Found a burning altar of Makhleb.
  3267 | D:4      | Reached skill level 6 in Axes
  3267 | D:4      | Reached XP level 7. HP: 9/63 MP: 6/6
  3552 | D:4      | Noticed Blork the orc
  3559 | D:4      | Killed Blork the orc
  4147 | D:5      | Entered Level 5 of the Dungeon
  4163 | D:5      | Reached skill level 7 in Axes
  4305 | D:5      | Identified the +5 plate armour "Vyfotz" {Str+3}
  4378 | D:5      | Found a staircase to the Ecumenical Temple.
  4778 | D:5      | Reached skill level 1 in Throwing
  4778 | D:5      | Reached XP level 8. HP: 64/73 MP: 7/7
  4893 | D:5      | Noticed Eustachio
  4907 | D:5      | Killed Eustachio
  5313 | D:6      | Reached *** piety under Trog
  5330 | D:6      | Reached skill level 8 in Axes
  5330 | D:6      | Reached skill level 5 in Dodging
  5339 | D:6      | Reached skill level 1 in Evocations
  5518 | D:6      | Noticed Grinder
  5539 | D:6      | Killed Grinder
  5540 | D:6      | Reached skill level 5 in Armour
  5600 | D:6      | You fall into a shaft and drop 1 floor!
  5686 | D:6      | Found Jiathriud's General Store.
  5690 | D:6      | Bought a scroll of identify for 24 gold pieces
  5690 | D:6      | Bought a scroll of brand weapon for 114 gold pieces
  5690 | D:6      | Bought a potion of heal wounds for 60 gold pieces
  5690 | D:6      | Bought a scroll of fear for 48 gold pieces
  6095 | D:7      | Reached XP level 9. HP: 67/82 MP: 8/8
  6216 | D:7      | Noticed a +0 hand axe
  6216 | D:7      | Noticed a +0 dagger
  6220 | D:7      | Found a hide-covered altar of Uskayaw.
  6293 | D:7      | Found a sacrificial altar of Ru.
  6511 | D:7      | Found a snail-covered altar of Cheibriados.
  6908 | D:7      | Reached skill level 9 in Axes
  7006 | D:8      | Found a basalt altar of Yredelemnul.
  7030 | D:8      | Noticed a troll
  7038 | D:8      | Killed a troll
  7050 | D:8      | Identified the +1 ring mail "Icat" {+Blink}
  7136 | D:8      | Found Maepn's Vocational Training.
  7144 | D:8      | Noticed a two-headed ogre
  7159 | D:8      | Killed a two-headed ogre
  7160 | D:8      | Reached skill level 10 in Fighting
  7193 | D:8      | Reached skill level 10 in Axes
  7193 | D:8      | Reached XP level 10. HP: 76/93 MP: 9/9
  7281 | D:8      | Found a sparkling altar of Nemelex Xobeh.
  7328 | D:8      | Found a shimmering altar of Xom.
  7414 | D:8      | Found a hazy altar of Hepliaklqana.
  7441 | D:8      | Noticed a two-headed ogre
  7449 | D:8      | Killed a two-headed ogre
  7609 | D:9      | Noticed Erica
  7614 | D:9      | Noticed a centaur warrior
  7615 | D:9      | Reached **** piety under Trog
  7833 | D:9      | Reached skill level 11 in Axes
  7841 | D:9      | Killed Erica
  7849 | D:9      | Killed a centaur warrior
  7850 | D:9      | Reached skill level 12 in Axes
  7850 | D:9      | HP: 1/93 [vampire mosquito (8)]
  7857 | D:9      | Killed from afar by an orc wizard

Illustrated notes

Levels and vault maps discovered:
D:1:      dpeg_arrival_chambers_temple_mockup, layout_loops_ring,
          shapermc_ecumenical_altar_mp_urbaneastern,
          chequers_serial_rivers_micro_c
D:2:      wad_river_or_something, layout_loops_ring, basic_altar, uniq_sigmund,
          uniq_jessica, uniq_crazy_yiuf_cottage, uniq_terence
D:3:      layout_basic, lemuel_doored_altar
D:4:      layout_basic, mainiacjoe_overflow_boulevard,
          nicolae_overflow_hidden_temple, serial_glass, glass_columns_a,
          glass_columns_c, serial_bayou_pond_b, uniq_blork_the_orc
D:5:      layout_cave_pods, minmay_temple_entry_trees, uniq_eustachio
D:6:      layout_loops_cross, serial_shops, shop, hangedman_decor_lopped,
          uniq_grinder
D:7:      layout_loops_ring, dancing_weapons_uskayaw, kennysheep_slug_shrine,
          nicolae_ru_path_of_blood, david_defended_altar_orc
D:8:      layout_rooms, kennysheep_mini_moat, general_overflow_altar,
          nicolae_hepliaklqana_hazy_memory, mainiacjoe_overflow_paths,
          nicolae_shop_vocational
D:9:      minmay_the_grid_four_pointed_star_mashed
          [minmay_the_grid_triangle_9x9_longest,
          minmay_the_grid_triangle_9x9_thin_v,
          minmay_the_grid_triangle_9x9_cache,
          minmay_the_grid_triangle_9x9_tough_junction,
          minmay_the_grid_prize_inner_circle], layout_irregular_city,
          trog_ov_bears_minmay, erik_lair_orcish_takeover, uniq_erica

Skill      XL: |  1  2  3  4  5  6  7  8  9 10 |
---------------+-------------------------------+-----
Axes           | 4 5 6 7 8 10 12 | 12.5
Fighting       | 4 5 6 7 8 10 | 10.0
Armour         | 3 4 5 6 8 |  8.0
Stealth        | 1 2 |  2.0
Dodging        | 3 4 5 6 |  6.0
Throwing       | 1 2 4 |  4.0
Evocations     | 1 3 4 |  4.0

Action                     |  1- 3 |  4- 6 |  7- 9 | 10-12 || total
---------------------------+-------+-------+-------+-------++-------
  Melee: Hand axe          |    58 |   110 |   213 |       ||   381
         Headbutt          |     2 |    18 |    64 |     5 ||    89
         Punch             |     1 |     1 |       |       ||     2
         War axe           |       |       |    48 |    49 ||    97
 Invoke: Berserk           |     2 |     4 |     9 |     2 ||    17
         Trog's Hand       |       |     1 |     2 |     1 ||     4
    Use: Scroll            |     5 |     4 |     7 |     1 ||    17
         Potion            |       |     1 |       |     3 ||     4
   Stab: Sleeping          |     2 |     1 |       |       ||     3
 Armour: Animal skin       |    12 |       |       |       ||    12
         Leather armour    |     8 |     2 |       |       ||    10
         Scale mail        |       |    43 |       |       ||    43
         Ring mail         |       |    21 |    37 |       ||    58
         Plate armour      |       |       |   168 |    78 ||   246
         Skin              |       |       |       |    25 ||    25
  Dodge: Dodged            |    44 |    68 |   124 |    66 ||   302
  Block: Buckler           |       |     4 |    35 |    14 ||    53
